 Dungeon Sprint DCSS version 0.29-a0-892-g2c4c91d9db (webtiles) character file.

Game seed: 12326255153819696676

2296 rocky1 the Covert (level 9, -12/68 HPs)
             Began as an Octopode Monk on July 23, 2022.
             Was a High Priest of Okawaru.
             Mangled by an orc warrior
             ... wielding a +0 dire flail
             ... led by an orc knight
              (15 damage)
             ... in the Dungeon (Sprint VII: "The Pits").
             The game lasted 00:03:33 (1256 turns).

rocky1 the Covert (Octopode Monk)                   Turns: 1256, Time: 00:03:34

Health: -12/68     AC:  1    Str: 15    XL:     9   Next: 40%
Magic:  9/14       EV: 18    Int: 11    God:    Okawaru [*****.]
Gold:   0          SH:  0    Dex: 17    Spells: 8/8 levels left

rFire   . . .      SeeInvis .     - Unarmed
rCold   . . .      Faith    .   (no shield)
rNeg    . . .      Spirit   .   (helmet restricted)
rPois   .          Reflect  .   (no amulet)
rElec   .          Harm     .   (no ring)
rCorr   .          Rampage  .   (no ring)
Will    .....      NoTele   +   (no ring)
Stlth   +++++++...              (no ring)
HPRegen 0.21/turn               (no ring)
MPRegen 0.14/turn               (no ring)
                                (no ring)
                                (no ring)

@: finesse-ful, unable to drink
A: almost no armour, amphibious, 8 rings, camouflage 1, gelatinous body 1,
(nimble swimmer 1), tentacles, strong 1, inability to drink while threatened 1
a: Renounce Religion, Heroism, Finesse


You were in the Dungeon.
You worshipped Okawaru.
Okawaru was extremely pleased with you.
You visited 1 branch

Inventory:

Jewellery
 c - a +3 ring of dexterity
 k - a +3 ring of dexterity
Scrolls
 g - a scroll of blinking
 i - 5 scrolls of amnesia
 j - a scroll of summoning
Potions
 a - a potion of ambrosia
 b - 8 potions of curing
 d - 3 potions of haste
 e - 4 potions of magic
 f - 3 potions of berserk rage
 h - a potion of invisibility
 l - a potion of might
 m - 6 potions of heal wounds


   Skills:
 + Level 9.0 Fighting
 + Level 9.1 Dodging
 + Level 14.0 Stealth
 + Level 12.9 Unarmed Combat
 * Level 7.5 Invocations


You had 8 spell levels left.
You didn't know any spells.
Your spell library was empty.

Dungeon Overview and Level Annotations

Branches:
Dungeon (1/1)

Altars:
Ashenzari
Cheibriados
Dithmenos
Elyvilon
Fedhas
Gozag
Hepliaklqana
Kikubaaqudgha
Makhleb
Nemelex Xobeh
Okawaru
Qazlal
Ru
Sif Muna
Trog
Uskayaw
Vehumet
Wu Jian
Xom
Yredelemnul
Zin
The Shining One
Jiyva
Lugonu


Innate Abilities, Weirdness & Mutations

You cannot wear most types of armour.
You are amphibious.
You can wear up to eight rings at the same time.
Your skin changes colour to match your surroundings (Stealth+).
Your rubbery body absorbs attacks. (AC +1, EV +1)
((You are camouflaged when in or above water. (Stealth+)))
You have tentacles for arms and can constrict up to eight enemies at once.
Your muscles are strong. (Str +4, Int/Dex -1)
You occasionally lose the ability to drink potions when taking damage.


Message History

You constrict the orc knight, but do no damage.
You batter the orc knight!!
You tentacle-slap the orc knight, but do no damage.
The orc knight is severely wounded.
You constrict the orc knight.
The orc warrior hits you but does no damage.
The orc knight barely misses you.
You batter the orc knight!!
You kill the orc knight!
Okawaru is honoured by your kill.
Your base Dodging skill increases to level 9!
Your base Stealth skill increases to level 13!
Your Invocations skill increases to level 7!
The orc warrior hits you with a +0 war axe!!
The orc warrior misses you.
Things that are here:
a +0 bardiche; a +0 plate armour You bludgeon the orc warrior!
You grab the orc warrior.
The orc warrior is heavily wounded.
You constrict the orc warrior, but do no damage.
You bludgeon the orc warrior!
You kill the orc warrior!
Okawaru accepts your kill.
The orc warrior hits you with a +0 war axe!!
You feel threatened and lose the ability to drink potions!
* * * LOW HITPOINT WARNING * * *
You batter the orc warrior!! Your grab misses the orc warrior.
You squeeze the orc warrior.
You kill the orc warrior!
Okawaru accepts your kill.
Okawaru will now gift you equipment as you gain piety.
Your base Fighting skill increases to level 9!
Your base Stealth skill increases to level 14!
There is an open door to the Storerooms (Easy), spattered with blood here.
The orc warrior no longer looks unusually strong.
You cannot drink potions in your current state!
You feel like a meek peon again.
The orc no longer looks unusually strong.
The orc warrior hits you with a +0 dire flail!
You die...

############ #_________.#
#_________.#
#_______...###########++#####
##########'##................
#.?(.')))'.##......#..#......
##########.##)...............
#...........@o.oo............
#'#####'#####)..o..#..#......
#.#..#..)'.##................
#.#..#...#.#####'#####o'#####
#.#..#####.##.......##''#
#.#..'..รท#.##.......##...o.o.
#.#..'...'.##.......##...o.o.
#.#.)########...<...##..#####
#.#..'.)))[##.......##..+


You could see 2 orc warriors and 2 orcs.

Vanquished Creatures
  A bog body (D)
  An orc knight (D)
  A molten gargoyle (D)
  A polar bear (D)
  A water moccasin (D)
  A floating eye (D)
  3 orc warriors (D)
  A sky beast (D)
  A centaur (D)
  A phantom (D)
  A gnoll sergeant (D)
  An orc priest (D)
  An iron imp (D)
  Terence (D)
  4 gnolls (D)
  A river rat (D)
  An adder skeleton (D)
  A worm (D)
  7 orcs (D)
  An endoplasm (D)
  A goblin (D)
  A hobgoblin (D)
  2 bats (D)
  A kobold (D)
36 creatures vanquished.

Vanquished Creatures (others)
  A white imp (D)
1 creature vanquished.

Grand Total: 37 creatures vanquished

Notes
Turn   | Place    | Note
-------+----------+-------------------------------------------
     0 | D        | rocky1 the Octopode Monk began the quest for the Orb.
     0 | D        | Reached XP level 1. HP: 16/16 MP: 1/1
    38 | D        | Found a bloodstained altar of Trog.
    38 | D        | Found a shimmering blue altar of Sif Muna.
    38 | D        | Found a viscous altar of Jiyva.
    38 | D        | Found a hazy altar of Hepliaklqana.
    38 | D        | Found an opulent altar of Gozag.
    39 | D        | Found a glowing golden altar of the Shining One.
    39 | D        | Found a glowing silver altar of Zin.
    39 | D        | Found a basalt altar of Yredelemnul.
    39 | D        | Found a shimmering altar of Xom.
    39 | D        | Found an ornate altar of the Wu Jian Council.
    39 | D        | Found a sacrificial altar of Ru.
    39 | D        | Found a stormy altar of Qazlal.
    39 | D        | Found an iron altar of Okawaru.
    39 | D        | Found a sparkling altar of Nemelex Xobeh.
    39 | D        | Found a burning altar of Makhleb.
    39 | D        | Found a blossoming altar of Fedhas.
    39 | D        | Found a white marble altar of Elyvilon.
    39 | D        | Found a shadowy altar of Dithmenos.
    39 | D        | Found a snail-covered altar of Cheibriados.
    42 | D        | Found a corrupted altar of Lugonu.
    42 | D        | Found a radiant altar of Vehumet.
    43 | D        | Found an ancient bone altar of Kikubaaqudgha.
    43 | D        | Found a hide-covered altar of Uskayaw.
    43 | D        | Found a broken altar of Ashenzari.
    47 | D        | Became a worshipper of Warmaster Okawaru
    47 | D        | Reached * piety under Okawaru
    47 | D        | Reached ** piety under Okawaru
    70 | D        | Reached skill level 3 in Stealth
    70 | D        | Reached XP level 2. HP: 22/22 MP: 2/2
    78 | D        | Noticed a floating eye
    81 | D        | Killed a floating eye
    82 | D        | Reached skill level 5 in Fighting
    82 | D        | Reached skill level 5 in Dodging
    82 | D        | Reached skill level 4 in Stealth
    82 | D        | Reached XP level 3. HP: 30/30 MP: 3/3
    82 | D        | Reached XP level 4. HP: 36/36 MP: 4/4
    88 | D        | Noticed a sky beast
    96 | D        | Killed a sky beast
    97 | D        | Reached skill level 5 in Stealth
    97 | D        | Reached XP level 5. HP: 13/42 MP: 5/5
   395 | D        | Noticed a centaur
   405 | D        | Killed a centaur
   405 | D        | Reached *** piety under Okawaru
   406 | D        | Reached skill level 6 in Stealth
   406 | D        | Reached XP level 6. HP: 15/49 MP: 3/6
   411 | D        | HP: 2/49 [gnoll sergeant/+0 trident of flaming (3)]
   414 | D        | Reached skill level 7 in Stealth
   727 | D        | Reached skill level 8 in Stealth
   729 | D        | Noticed a bog body
   734 | D        | Killed a bog body
   735 | D        | Reached skill level 10 in Stealth
   735 | D        | Reached skill level 10 in Unarmed Combat
   735 | D        | Reached XP level 7. HP: 56/56 MP: 4/10
   735 | D        | Reached XP level 8. HP: 62/62 MP: 4/11
   736 | D        | Noticed Terence
   743 | D        | Reached skill level 11 in Stealth
   746 | D        | Killed Terence
   746 | D        | Reached **** piety under Okawaru
   948 | D        | Noticed a polar bear
   948 | D        | Noticed a molten gargoyle
   965 | D        | Killed a molten gargoyle
   966 | D        | Reached skill level 12 in Stealth
   966 | D        | Reached skill level 5 in Invocations
   974 | D        | Killed a polar bear
   986 | D        | Reached XP level 9. HP: 29/67 MP: 13/13
  1016 | D        | Gained mutation: You occasionally lose the ability to drink
                  | potions when taking damage. [potion of mutation]
  1016 | D        | Gained mutation: Your muscles are strong. (Str +4, Int/Dex
                  | -1) [potion of mutation]
  1226 | D        | Noticed a troll
  1228 | D        | Noticed an orc knight
  1249 | D        | Killed an orc knight
  1250 | D        | Reached skill level 13 in Stealth
  1252 | D        | HP: 3/67 [orc warrior/+0 war axe[an orc knight] (21)]
  1253 | D        | Reached ***** piety under Okawaru
  1254 | D        | Reached skill level 14 in Stealth
  1256 | D        | Mangled by an orc warrior

Illustrated notes

Levels and vault maps discovered:
D:        pitsprint [storerooms_1, entrance_room_1, metal_vault_8, armoury_2,
          mini_pit_1, grid_room_1, main_hall_1, silver_pit, the_coven_3,
          the_vestibule_1, steel_vault_5, golden_pit, hallway_of_sentries,
          crystal_vault_1, iron_vault_4, final_vault]

Skill      XL: |  1  2  3  4  5  6  7  8  9 |
---------------+----------------------------+-----
Stealth        | 3 4 5 6 10 12 14 | 14.0
Unarmed Combat | 4 6 7 10 12 | 12.9
Fighting       | 5 6 7 8 9 |  9.0
Dodging        | 5 6 7 8 9 |  9.1
Invocations    | 4 6 7 |  7.5

Action                   |  1- 3 |  4- 6 |  7- 9 || total
-------------------------+-------+-------+-------++-------
Melee: Unarmed           |    10 |    47 |    33 ||    90
       Tentacles         |     4 |    14 |     8 ||    26
       Constrict         |     3 |    13 |     6 ||    22
       Punch             |     1 |     2 |     6 ||     9
Invok: Heroism           |       |     2 |     2 ||     4
       Finesse           |       |       |     1 ||     1
  Use: Potion            |       |     3 |     5 ||     8
 Stab: Sleeping          |     2 |     2 |     4 ||     8
       Invisible         |       |     6 |       ||     6
Armor: Skin              |       |       |     3 ||     3
Dodge: Dodged            |     5 |    32 |    25 ||    62

Table legend: (Time is in decaauts)
 A = Elapsed time spent in this place.
 B = Non-inter-level travel time spent in this place.
 C = Inter-level travel time spent in this place.
 D = Time resting spent in this place.
 E = Time spent auto-exploring this place.
 F = Levels seen in this place.
 G = Mean time per level.
                   A        B        C        D        E       F      G
               +--------+--------+--------+--------+--------+-----+--------+
         Total |   1235 |   1203 |     32 |    846 |      0 |   1 | 1235.0 |
       Dungeon |   1235 |   1203 |     32 |    846 |      0 |   1 | 1235.0 |
               +--------+--------+--------+--------+--------+-----+--------+

Top non-repeatable levels by time:
       D: 1235 daAuts
